 Dungeon Crawl Stone Soup version 0.30-a0-135-g630cfc4551 (webtiles) character file.

Game seed: 12625574854485932183

10042 KennySheep the Zephyrmancer (level 11, -9/62 HPs)
             Began as a Tengu Air Elementalist on Sept 20, 2022.
             Was a Believer of Vehumet.
             Mangled by a water elemental (11 damage)
             ... on level 11 of the Dungeon on Sept 21, 2022.
             The game lasted 01:06:02 (14737 turns).

KennySheep the Zephyrmancer (TeAE)                 Turns: 14737, Time: 01:06:03

Health: -9/62      AC: 18    Str:  8    XL:     11   Next: 55%
Magic:  22/23      EV: 20    Int: 20    God:    Vehumet [**....]
Gold:   578        SH:  0    Dex: 20    Spells: 3/24 levels left

rFire   + . .      SeeInvis .    e - +2 dagger (protect)
rCold   + . .      Faith    .    (no shield)
rNeg    . . .      Spirit   .    k - +4 leather armour of Disguise {rF+ Dex+5}
rPois   .          Reflect  .    (helmet restricted)
rElec   .          Harm     .    w - +0 cloak
rCorr   .          Rampage  .    D - +2 pair of gloves
Will    .....                    (boots unavailable)
Stlth   ++........               (no amulet)
HPRegen 0.20/turn                H - +4 ring of evasion
MPRegen 0.18/turn                C - ring of ice

@: ice-armoured, engulfed (cannot breathe), freezing walls, flying quickly and
evasively, quick
A: beak, talons 3, nimble flight, horns 1, fire resistance 1, mutation
resistance 1
a: Renounce Religion


You were on level 11 of the Dungeon.
You worshipped Vehumet.
Vehumet was pleased with you.
You visited 2 branches of the dungeon, and saw 12 of its levels.
You also visited: Ossuary and Bailey.

You collected 578 gold pieces.

Inventory:

Hand Weapons
 e - a +2 dagger of protection (weapon)
 g - a +0 broad axe of protection
 G - the +3 quarterstaff of Courage {flame, Dex+5}
   (You found it on level 8 of the Dungeon)

   It burns those it strikes, dealing additional fire damage.
   Dex:       It affects your dexterity (+5).
Missiles
 z - a throwing net
Armour
 k - the +4 leather armour of Disguise (worn) {rF+ Dex+5}
   (You found it on level 3 of the Dungeon)

   Dex:       It affects your dexterity (+5).
   rF:        It protects you from fire.
 w - a +0 cloak (worn)
 D - a +2 pair of gloves (worn)
 M - +0 acid dragon scales
Jewellery
 C - a ring of ice (right hand)
 H - a +4 ring of evasion (left hand)
Wands
 a - a wand of flame (24)
 d - a wand of digging (9)
 m - a wand of polymorph (19)
 n - a wand of charming (45)
 s - a wand of iceblast (6)
Scrolls
 c - 12 scrolls of identify
 h - a scroll of vulnerability
 j - 2 scrolls of butterflies
 l - 2 scrolls of fear
 v - 2 scrolls of poison
 x - 3 scrolls of teleportation
 y - a scroll of brand weapon
 A - a scroll of enchant weapon
 B - a scroll of enchant armour
 J - a scroll of magic mapping
 K - 3 scrolls of blinking {unknown}
 N - a scroll of torment {unknown}
Potions
 b - 2 potions of magic
 f - 4 potions of ambrosia
 i - 3 potions of might
 p - a potion of invisibility {unknown}
 q - a potion of degeneration {unknown}
 r - a potion of cancellation {unknown}
 t - a potion of resistance {unknown}
 u - 2 potions of mutation
 E - a potion of attraction {unknown}
 F - a potion of haste {unknown}
 L - a potion of lignification {unknown}
Miscellaneous
 I - a condenser vane


   Skills:
 + Level 4.4 Fighting
 - Level 0.8 Axes
 + Level 3.0 Armour
 + Level 4.6 Dodging
 - Level 2.9 Stealth
 + Level 7.4 Spellcasting
 * Level 8.9 Conjurations
 + Level 8.4 Summonings
 - Level 6.2 Ice Magic
 - Level 11.3 Air Magic


You had 3 spell levels left.
You knew the following spells:

 Your Spells              Type           Power      Damage    Failure   Level
a - Shock                 Conj/Air       100%       1d9       1%          1
b - Static Discharge      Conj/Air       96%        2-6/arc   1%          2
c - Swiftness             Air            52%        N/A       1%          3
d - Airstrike             Air            26%        2d(4-20)  1%          4
e - Summon Ice Beast      Ice/Summ       53%        N/A       6%          4
f - Frozen Ramparts       Ice            96%        1d15      3%          3
g - Freeze                Ice            100%       1d11      1%          1
h - Ozocubu's Armour      Ice            48%        N/A       3%          3

Your spell library contained the following spells:

 Spells                   Type           Power      Damage    Failure   Level
 Poisonous Vapours        Pois/Air       60%        N/A       1%          2
 Apportation              Tloc           14%        N/A       13%         1
 Sublimation of Blood     Necr           7%         N/A       19%         2
 Wereblood                Tmut           7%         N/A       19%         2
 Portal Projectile        Hex/Tloc       14%        N/A       36%         3
 Tukima's Dance           Hex            7%         N/A       36%         3
 Ice Form                 Ice/Tmut       29%        N/A       34%         4
 Metabolic Englaciation   Hex/Ice        14%        N/A       69%         5
 Leda's Liquefaction      Hex/Erth       3%         N/A       77%         4
 Alistair's Intoxication  Tmut/Pois      4%         N/A       98%         5
 Blade Hands              Tmut           3%         N/A       98%         5
 Lee's Rapid Deconstruct  Erth           3%         3d6*      98%         5
 Summon Hydra             Summ           20%        N/A       98%         7
 Simulacrum               Ice/Necr       14%        N/A       99%         6
 Statue Form              Tmut/Erth      4%         N/A       100%        6


Dungeon Overview and Level Annotations

Branches:
Dungeon (11/15)            Temple (1/1) D:6            Lair (0/5) D:10
Ossuary (visited)          Bailey (visited)
    Orc: D:9-12

Altars:
Cheibriados
Dithmenos
Elyvilon
Fedhas
Gozag
Hepliaklqana
Kikubaaqudgha
Makhleb
Nemelex Xobeh
Okawaru
Qazlal
Ru
Sif Muna
Trog
Uskayaw
Vehumet
Wu Jian
Xom
Yredelemnul
Zin
The Shining One

Shops:
D:10 :

Annotations:
D:3 1 runed translucent door, BigDaddyOpFi's ghost, amateur VSNe
D:5 1 runed translucent door, Crazy Yiuf
D:9 Psyche
D:10 exclusion: oklob plant


Innate Abilities, Weirdness & Mutations

You have a beak for a mouth.
You have claws for feet.
Your magical nature lets you fly swiftly and evasively.
You have a pair of small horns on your head.
Your flesh is heat resistant. (rF+)
You are somewhat resistant to further mutation.


Message History

The wall freezes the yak!
The wall freezes the hornet but does no damage.
The hornet misses you.
The wall freezes the water elemental.
The water elemental misses you.
The wall freezes the yak!
The wall freezes the yak.
The wall freezes the yak!
You kill the yak!
Vehumet accepts your kill.
The wall freezes the hornet but does no damage.
The hornet barely misses you.
The wall freezes the water elemental.
The water elemental hits you!
* * * LOW HITPOINT WARNING * * *
You feel better.
* * * LOW HITPOINT WARNING * * *
Your lungs strain for air!
The wall freezes the hornet.
The hornet stings you but does no damage.
The wall freezes the yak!
The wall freezes the yak but does no damage.
The wall freezes the yak!
The wall freezes the water elemental.
The water elemental hits you.
You feel better.
* * * LOW HITPOINT WARNING * * *
Your lungs strain for air!
The wall freezes the hornet!
You kill the hornet!
Vehumet accepts your kill.
You feel your power returning.
The wall freezes the yak!
You kill the yak!
Vehumet accepts your kill.
You feel your power returning.
The wall freezes the yak.
The wall freezes the water elemental but does no damage.
The water elemental misses you.
Your Armour skill increases to level 3!
You feel better.
* * * LOW HITPOINT WARNING * * *
Your lungs strain for air!
The wall freezes the yak.
The yak gores you!
* * * LOW HITPOINT WARNING * * *
The wall freezes the water elemental.
The water elemental hits you!
You die...

.........# #..
..<......+ #..
.........# ### ## #'#
#. #.## # .#####.
#..# ## .......###
##.# #.
.......YE######'##
###'
#......#Y@.#.....#
#.†.
...Y...###.'.....####
#... .......
###.....'..###...
.......
#.....##...'...
#......
#.....######...
..+#### ###+### ####
##


You could see a water elemental and 2 yaks.

Vanquished Creatures
  2 vault guards (Bailey)
  A manticore (D:10)
  A cane toad (Bailey)
  An unseen horror (D:11)
  3 trolls
  3 hornets
  Grinder (D:5)
  Prince Ribbit (D:5)
  A water elemental (D:11)
  A shadow (D:9)
  6 yaks
  A wyvern (D:8)
  2 humans (Bailey)
  2 acid dragons (D:10)
  A water moccasin (D:6)
  3 sky beasts
  3 black bears
  An orc warrior (Bailey)
  2 ogres (D:5)
  2 centaurs
  A kobold brigand (D:8)
  A phantom (D:6)
  Blork the orc (D:6)
  10 bullfrogs
  A gnoll sergeant (D:6)
  3 scorpions
  3 wights (D:5)
  6 killer bees (D:7)
  6 electric eels (D:10)
  8 hounds
  A jelly (D:7)
  7 orc priests
  2 iguanas
  5 orc wizards
  2 hound zombies (Ossuary)
  4 mummies (Ossuary)
  4 gnolls
  8 adders
  A shadow imp (D:8)
  2 white imps
  An ufetubus (D:5)
  3 worms
  3 dart slugs
  21 orcs
  8 endoplasms
  2 giant cockroaches
  16 hobgoblins
  5 jackals
  5 quokkas
  6 ball pythons
  2 bats
  4 frilled lizards
  2 gnoll zombies (Ossuary)
  17 goblins
  2 goblin zombies (Ossuary)
  A hobgoblin zombie (Ossuary)
  4 jackal zombies (Ossuary)
  5 kobolds
  An orc zombie (Ossuary)
  6 rats
228 creatures vanquished.

Vanquished Creatures (collateral kills)
  A two-headed ogre (D:10)
  An electric eel (D:10)
2 creatures vanquished.

Vanquished Creatures (others)
  12 plants (D:10)
12 creatures vanquished.

Grand Total: 242 creatures vanquished

Notes
Turn   | Place    | Note
-------+----------+-------------------------------------------
     0 | D:1      | KennySheep the Tengu Air Elementalist began the quest for
                  | the Orb.
     0 | D:1      | Reached XP level 1. HP: 10/10 MP: 4/4
   287 | D:1      | Reached XP level 2. HP: 15/15 MP: 4/6
   349 | D:1      | Learned a level 2 spell: Static Discharge
   841 | D:1      | Found a faded altar of an unknown god.
   984 | D:2      | Reached XP level 3. HP: 17/19 MP: 3/7
  1207 | D:2      | Learned a level 3 spell: Swiftness
  1294 | D:2      | Reached skill level 5 in Air Magic
  1806 | D:3      | Identified the +4 leather armour of Disguise {rF+ Dex+5}
  1968 | D:3      | Reached XP level 4. HP: 24/24 MP: 4/8
  2452 | D:3      | Gained mutation: Your magical nature lets you fly swiftly
                  | and evasively. [Tengu growth]
  2452 | D:3      | Reached XP level 5. HP: 28/28 MP: 3/10
  2534 | D:3      | Found a runed translucent door.
  3276 | D:3      | Noticed BigDaddyOpFi's ghost (amateur VSNe)
  3577 | D:4      | You are sucked into a shaft and drop 1 floor!
  3577 | D:5      | Entered Level 5 of the Dungeon
  3746 | D:4      | Reached skill level 6 in Air Magic
  3746 | D:4      | Reached XP level 6. HP: 32/32 MP: 0/11
  4604 | D:5      | Reached skill level 5 in Conjurations
  4687 | D:5      | Reached skill level 7 in Air Magic
  4693 | D:5      | Reached XP level 7. HP: 17/36 MP: 3/13
  4850 | D:5      | Learned a level 4 spell: Airstrike
  5203 | D:5      | Reached skill level 8 in Air Magic
  5377 | D:5      | Noticed Prince Ribbit
  5489 | D:5      | Found a runed translucent door.
  5490 | D:5      | Noticed Crazy Yiuf
  5525 | D:5      | Reached XP level 8. HP: 41/41 MP: 11/15
  5553 | D:5      | Noticed Grinder
  5582 | D:5      | Killed Grinder
  5583 | D:5      | Reached skill level 9 in Air Magic
  6017 | D:5      | Killed Prince Ribbit
  6143 | D:5      | Reached skill level 5 in Spellcasting
  6143 | D:5      | Reached skill level 10 in Air Magic
  6302 | D:6      | Found a staircase to the Ecumenical Temple.
  6551 | D:6      | Found a sand-covered staircase.
  6562 | Ossuary  | Entered an ossuary
  7141 | D:6      | Noticed Blork the orc
  7146 | D:6      | Killed Blork the orc
  7205 | D:6      | Reached XP level 9. HP: 35/45 MP: 15/18
  7438 | Temple   | Entered the Ecumenical Temple
  7527 | Temple   | Became a worshipper of Vehumet
  8271 | D:6      | Reached skill level 1 in Fighting
  8304 | D:6      | Reached skill level 11 in Air Magic
  8640 | D:7      | Gained mutation: You are somewhat resistant to further
                  | mutation. [potion of mutation]
  8640 | D:7      | Gained mutation: Your flesh is heat resistant. (rF+)
                  | [potion of mutation]
  8640 | D:7      | Gained mutation: You have a pair of small horns on your
                  | head. [potion of mutation]
  8998 | D:7      | Learned a level 4 spell: Summon Ice Beast
  9002 | D:7      | Learned a level 3 spell: Frozen Ramparts
  9288 | D:7      | Reached skill level 1 in Summonings
  9654 | D:8      | Reached skill level 1 in Ice Magic
  9784 | D:8      | Found a bloodstained altar of Trog.
  9791 | D:8      | Identified the +3 quarterstaff of Courage {flame, Dex+5}
  9851 | D:8      | Found an ancient bone altar of Kikubaaqudgha.
  9851 | D:8      | Found a glowing golden altar of the Shining One.
  9851 | D:8      | Found an opulent altar of Gozag.
  9863 | D:8      | Noticed a hornet
  9867 | D:8      | Killed a hornet
 10403 | D:8      | Found a hazy altar of Hepliaklqana.
 10404 | D:8      | Found a shimmering altar of Xom.
 10405 | D:8      | Noticed a spectral ugly thing
 10452 | D:8      | Reached * piety under Vehumet
 10452 | D:8      | Offered knowledge of Freeze by Vehumet.
 10455 | D:8      | Learned a level 1 spell: Freeze
 10679 | D:8      | Reached XP level 10. HP: 53/53 MP: 11/20
 10887 | D:8      | Learned a level 3 spell: Ozocubu's Armour
 10975 | D:9      | Found a flagged portal.
 10989 | Bailey   | Entered a bailey
 11076 | Bailey   | Reached skill level 5 in Summonings
 11201 | Bailey   | Noticed a cane toad
 11214 | Bailey   | Killed a cane toad
 11240 | Bailey   | Noticed a vault guard
 11289 | Bailey   | Killed a vault guard
 11519 | Bailey   | Noticed a vault guard
 11532 | Bailey   | Killed a vault guard
 11533 | Bailey   | Reached skill level 5 in Ice Magic
 11768 | D:9      | Found an iron altar of Okawaru.
 11792 | D:9      | Found a burning altar of Makhleb.
 11795 | D:9      | Found a glowing silver altar of Zin.
 11795 | D:9      | Noticed an angel
 11796 | D:9      | Noticed a blizzard demon
 11819 | D:9      | Reached ** piety under Vehumet
 11819 | D:9      | Offered knowledge of Poisonous Vapours by Vehumet.
 12151 | D:9      | Found a shadowy altar of Dithmenos.
 12408 | D:9      | Found a sparkling altar of Nemelex Xobeh.
 12574 | D:9      | Noticed Psyche
 12620 | D:10     | Entered Level 10 of the Dungeon
 12699 | D:10     | Reached skill level 1 in Armour
 12721 | D:10     | Reached XP level 11. HP: 50/60 MP: 1/22
 12902 | D:10     | Found a stormy altar of Qazlal.
 13072 | D:10     | Noticed a two-headed ogre
 13081 | D:10     | Killed a two-headed ogre
 13367 | D:10     | Noticed a manticore
 13420 | D:10     | Killed a manticore
 13818 | D:10     | Found Ehatzyor's Book Emporium.
 13870 | D:10     | Found a staircase to the Lair.
 13870 | D:10     | Noticed an oklob plant
 14691 | D:11     | Noticed a cyclops
 14731 | D:11     | Paralysed by a hornet for 1 turns
 14737 | D:11     | HP: 2/62 [yak (7)]
 14737 | D:11     | Mangled by a water elemental

Illustrated notes

Levels and vault maps discovered:
D:1:      saegor_arrival_simple_b, layout_loops_ring,
          ebering_ecumenical_altar_hall
D:2:      layout_loops_ring
D:3:      minmay_thinvault, layout_basic, ebering_ghost_sewer_d
D:4:      layout_cave_pods
D:5:      layout_cave_pods, uniq_grinder, uniq_prince_ribbit1,
          uniq_crazy_yiuf_cottage
D:6:      layout_loops_corners, minmay_temple_entry_drinking_statues,
          chequers_ossuary_entry_cave, uniq_blork_the_orc
D:7:      layout_cave_pods
D:8:      layout_basic, mainiacjoe_overflow_boulevard,
          regret_index_temple_of_mockery, gammafunk_temple_overflow_claw
D:9:      nicolae_cairo_tiling, layout_loops_corners, grunt_dithmenos_shadows,
          nemelex_spade_bored_becter, kennysheep_okawaru_gauntlet,
          grunt_temple_overflow_order_and_chaos_2, pf_just_have_faith,
          serial_rivers, chequers_serial_rivers_room_a,
          chequers_serial_rivers_large_a, chequers_serial_rivers_small_a,
          chequers_serial_rivers_micro_c, chequers_serial_rivers_marsh,
          chequers_serial_rivers_room_b, enter_bailey_4, uniq_psyche
D:10:     layout_loops_ring, lemuel_tele_altar, dpeg_oklobed_lair, serial_shops,
          kennysheep_little_box, serial_bayou, serial_bayou_pond_c,
          serial_bayou_ford_a, serial_bayou_shore_a, serial_bayou_pond_b
D:11:     layout_roguey, serial_shops, nicolae_shop_advertising_works
          [nicolae_subvault_shop_adworks], kennysheep_minor_cross,
          grunt_ministairs_1, nicolae_underground_beach, uniq_sonja,
          uniq_gastronok
Temple:   chequers_temple_sunken

Skill      XL: |  1  2  3  4  5  6  7  8  9 10 11 |
---------------+----------------------------------+-----
Conjurations   | 2 3 4 5 6 7 8 |  8.9
Air Magic      | 5 6 7 8 10 11 | 11.3
Spellcasting   | 3 4 5 6 7 |  7.4
Fighting       | 1 3 4 |  4.4
Dodging        | 3 4 |  4.6
Summonings     | 4 7 8 |  8.4
Ice Magic      | 3 5 6 |  6.2
Armour         | 1 3 |  3.0
Axes           | |  0.8
Stealth        | |  2.9

Action                   |  1- 3 |  4- 6 |  7- 9 | 10-12 || total
-------------------------+-------+-------+-------+-------++-------
Melee: Dagger            |     4 |    16 |    30 |   110 ||   160
       Kick              |     4 |     2 |     8 |    37 ||    51
       Peck              |       |     3 |     5 |    29 ||    37
       Headbutt          |       |       |     9 |    27 ||    36
       Punch             |       |       |       |     4 ||     4
 Cast: Shock             |    55 |   107 |   153 |    50 ||   365
       Airstrike         |       |       |    25 |    18 ||    43
       Frozen Ramparts   |       |       |     3 |    26 ||    29
       Static Discharge  |       |       |     2 |       ||     2
       Freeze            |       |       |       |     9 ||     9
       Ozocubu's Armour  |       |       |       |    14 ||    14
       Summon Ice Beast  |       |       |       |     2 ||     2
  Use: Potion            |     3 |     1 |     3 |     8 ||    15
       Scroll            |     1 |       |     7 |     6 ||    14
 Stab: Sleeping          |       |     2 |     1 |     1 ||     4
       Distracted        |       |     1 |       |       ||     1
Armor: Leather armour    |     3 |    12 |    66 |    53 ||   134
Dodge: Dodged            |     6 |    28 |   145 |   151 ||   330

Table legend: (Time is in decaauts)
 A = Elapsed time spent in this place.
 B = Non-inter-level travel time spent in this place.
 C = Inter-level travel time spent in this place.
 D = Time resting spent in this place.
 E = Time spent auto-exploring this place.
 F = Levels seen in this place.
 G = Mean time per level.
                   A        B        C        D        E       F      G
               +--------+--------+--------+--------+--------+-----+--------+
         Total |  13986 |  13433 |    553 |   2785 |   8772 |  14 |  999.0 |
       Dungeon |  12503 |  11970 |    533 |   2435 |   7978 |  11 | 1136.6 |
        Temple |    489 |    470 |     19 |      0 |    460 |   1 |  489.0 |
       Ossuary |    377 |    377 |      0 |     74 |    186 |   1 |  377.0 |
        Bailey |    615 |    615 |      0 |    275 |    147 |   1 |  615.0 |
               +--------+--------+--------+--------+--------+-----+--------+

Top non-repeatable levels by time:
     D:5: 1741 daAuts
     D:3: 1497 daAuts
    D:10: 1478 daAuts
     D:4: 1297 daAuts
     D:8: 1171 daAuts
     D:6: 1097 daAuts
     D:9: 1021 daAuts
     D:7: 939 daAuts
     D:1: 924 daAuts
     D:2: 796 daAuts
  Bailey: 615 daAuts
    D:11: 538 daAuts
  Temple: 489 daAuts
 Ossuary: 377 daAuts
